 Dungeon Crawl Stone Soup version 0.30.0-19-g36f170ea60 (webtiles) character file.

Game seed: 2913431614866863107

7150 tizbic2 the Thrower (level 11, -2/169 HPs)
             Began as an Ogre Artificer on May 30, 2023.
             Was a Priest of Trog.
             Slain by a vampire (5 damage)
             ... on level 10 of the Dungeon.
             The game lasted 00:31:49 (8034 turns).

tizbic2 the Thrower (Ogre Artificer)                Turns: 8034, Time: 00:31:50

Health: -2/169     AC: 12    Str: 22    XL:     11   Next: 10%
Magic:  13/13      EV: 11    Int: 12    God:    Trog [***...]
Gold:   470        SH:  0    Dex:  9    Spells: 13/13 levels left

rFire   . . .        s - +7 hammer of Perversion {vamp, rPois}
rCold   . . .        (no shield)
rNeg    . . .        K - +0 troll leather armour
rPois   +            (helmet restricted)
rElec   .            r - +2 cloak {rPois}
rCorr   .            (gloves unavailable)
SInv    .            (boots unavailable)
Will    +++..        (no amulet) Stlth
                     g - +4 ring of slaying
HPRegen 1.48/turn    B - +4 ring of protection
MPRegen 0.13/turn

%: no passive effects
@: mighty, berserking, strong-willed, regenerating, studying Staves, very quick
A: large, unfitting armour, tough skin 1
a: Renounce Religion, Berserk, Trog's Hand


You were on level 10 of the Dungeon.
You worshipped Trog.
Trog was most pleased with you.
You visited 1 branch of the dungeon, and saw 10 of its levels.

You collected 483 gold pieces.
You donated 13 gold pieces to Zin.

Inventory:

Hand Weapons
 s - the +7 hammer of Perversion (weapon) {vamp, rPois}
   (You found it on level 2 of the Dungeon)

   rPois:     It protects you from poison.
 E - a +0 arbalest
 H - a +3 giant club
Missiles
 i - 51 stones (quivered)
 n - 14 poisoned darts
 o - 4 javelins
 G - a boomerang
Armour
 r - a +2 cloak of poison resistance (worn)
 A - a +1 robe of positive energy
 J - +1 acid dragon scales
 K - a +0 troll leather armour (worn)
Jewellery
 a - a +6 ring of strength
 g - a +4 ring of slaying (left hand)
 B - a +4 ring of protection (right hand)
 I - a ring of protection from cold
Wands
 c - a wand of flame (41)
 d - a wand of charming (14)
 e - a wand of iceblast (3)
 l - a wand of roots (2)
 v - a wand of acid (8)
 y - a wand of digging (2)
Scrolls
 f - a scroll of fear
 j - 3 scrolls of poison
 m - 4 scrolls of identify
 t - a scroll of noise
 w - 2 scrolls of teleportation
 C - a scroll of vulnerability
 D - a scroll of brand weapon {unknown}
Potions
 b - 4 potions of magic
 h - 3 potions of lignification {unknown}
 k - a potion of ambrosia {unknown}
 p - 3 potions of brilliance {unknown}
 q - 3 potions of might
 u - 2 potions of attraction {unknown}
 x - 2 potions of haste {unknown}
 z - 6 potions of heal wounds {unknown}
 F - 3 potions of flight {unknown}


   Skills:
 + Level 8.9 Fighting
 * Level 8.6(8.7) Maces & Flails
 - Level 1.9(6.2) Staves
 + Level 9.3 Throwing
 + Level 1.7 Armour
 + Level 6.4 Dodging
 - Level 0.6 Stealth
 - Level 1.6 Spellcasting
 - Level 0.4 Ice Magic
 - Level 2.6 Evocations


You had 13 spell levels left.
You didn't know any spells.
Your spell library contained the following spells:

 Spells                   Type           Power      Damage    Failure   Level
 Ozocubu's Armour         Ice            2%         N/A       63%         3
 Ozocubu's Refrigeration  Ice            1%         4d7       100%        7


Dungeon Overview and Level Annotations

Branches:
Dungeon (10/15)            Temple (0/1) D:7
   Lair: D:8-11         Orc: D:9-12

Altars:
Dithmenos
Fedhas
Kikubaaqudgha
Makhleb
Trog
Xom
Zin


Innate Abilities, Weirdness & Mutations

You are too large for most types of armour.
You have tough skin. (AC +1)


Message History

* * * LOW HITPOINT WARNING * * *
Something draws strength from your injuries!
Your skin crawls.
You feel strong-willed. Something hits you but does no damage.
Something bites you but does no damage.
You closely miss something. Something hits you.
* * * LOW HITPOINT WARNING * * *
Something bites you!
* * * LOW HITPOINT WARNING * * *
Something draws strength from your injuries!
You bludgeon something!! Something hits you.
* * * LOW HITPOINT WARNING * * *
Something bites you.
* * * LOW HITPOINT WARNING * * *
Something draws strength from your injuries!
You hit something but do no damage. Something hits you.
* * * LOW HITPOINT WARNING * * *
Something bites you.
* * * LOW HITPOINT WARNING * * *
Something draws strength from your injuries!
You miss something. Something hits you.
* * * LOW HITPOINT WARNING * * *
Something bites you.
* * * LOW HITPOINT WARNING * * *
Something draws strength from your injuries!
Aiming: Corrosive Bolt
Press: ? - help, Shift-Dir - straight line The bolt of acid hits something.
Something hits you.
* * * LOW HITPOINT WARNING * * *
Something bites you but does no damage.
A red film seems to cover your vision as you go berserk!
You feel yourself moving faster!
You feel mighty! Something hits you.
* * * LOW HITPOINT WARNING * * *
Something bites you.
* * * LOW HITPOINT WARNING * * *
Something draws strength from your injuries!
You sock something! You miss something. Your punch misses something.
Something hits you but does no damage. Something bites you.
You die...

##........##
#..........#
##..........#
#..........†#
##.....>.....#######
...................#
##...............#
####.####..............#
#......@{...†.......<[.#
#......#######.........#
#..../. ###.........#
..###.. #...<........ .
+.. #..########### #..
#.# ..# #. ..


There were no monsters in sight!

Vanquished Creatures
  2 two-headed ogres (D:8)
  Pikel (D:7)
  5 trolls
  Sigmund (D:3)
  A wyvern (D:7)
  7 yaks (D:9)
  A steam dragon (D:6)
  Menkaure (D:5)
  An acid dragon (D:9)
  Duvessa (D:4)
  An ice beast (D:6)
  2 orc warriors
  A sky beast (D:7)
  A black bear (D:6)
  3 centaurs
  A phantom (D:4)
  A lemure (D:7)
  A kobold brigand (D:8)
  A bullfrog (D:7)
  Blork the orc (D:5)
  2 scorpions (D:5)
  Dowan (D:4)
  7 killer bees
  5 howler monkeys
  A vampire bat (D:5)
  4 orc priests
  2 hounds
  Crazy Yiuf (D:2)
  2 gnoll boudas
  2 sleepcaps
  8 iguanas
  Jessica (D:3)
  3 orc wizards
  4 adders
  8 gnolls
  A white imp (D:5)
  An ufetubus (D:4)
  A dart slug (D:2)
  31 orcs
  3 bat skeletons (D:5)
  A bat zombie (D:5)
  6 endoplasms
  4 giant cockroaches
  5 goblins
  5 hobgoblins
  2 jackals (D:4)
  14 kobolds
  6 quokkas
  2 training dummies (D:4)
  8 ball pythons
  8 bats
  3 frilled lizards
  22 rats
208 creatures vanquished.

Vanquished Creatures (collateral kills)
  A centaur (D:5)
  An iguana (D:5)
2 creatures vanquished.

Vanquished Creatures (others)
  An adder (D:2)
1 creature vanquished.

Grand Total: 211 creatures vanquished

Notes
Turn   | Place    | Note
-------+----------+-------------------------------------------
     0 | D:1      | tizbic2 the Ogre Artificer began the quest for the Orb.
     0 | D:1      | Reached XP level 1. HP: 19/19 MP: 1/1
   251 | D:1      | Reached XP level 2. HP: 28/28 MP: 2/2
   444 | D:1      | Reached skill level 1 in Staves
   787 | D:2      | Reached XP level 3. HP: 32/35 MP: 3/3
   940 | D:2      | Reached skill level 1 in Spellcasting
   941 | D:2      | Reached skill level 1 in Throwing
  1094 | D:2      | Reached XP level 4. HP: 42/42 MP: 5/5
  1427 | D:2      | Found a bloodstained altar of Trog.
  1504 | D:2      | Found a runed translucent door.
  1505 | D:2      | Noticed Crazy Yiuf
  1512 | D:2      | Killed Crazy Yiuf
  1517 | D:2      | Identified the +7 hammer of Perversion {vamp, rPois}
  1822 | D:3      | Noticed Jessica
  1827 | D:3      | Killed Jessica
  1828 | D:3      | Reached XP level 5. HP: 44/50 MP: 7/7
  1834 | D:3      | Reached skill level 2 in Throwing
  2208 | D:3      | Found a faded altar of an unknown god.
  2217 | D:3      | Prayed at the altar of an unknown god.
  2217 | D:3      | Became a worshipper of Zin the Law-Giver
  2217 | D:3      | Reached * piety under Zin
  2217 | D:3      | Reached ** piety under Zin
  2325 | D:2      | Fell from the grace of Zin
  2325 | D:2      | Became a worshipper of Trog the Wrathful
  2576 | D:3      | Noticed Sigmund
  2589 | D:3      | Killed Sigmund
  2590 | D:3      | Reached XP level 6. HP: 44/61 MP: 8/8
  2785 | D:4      | Reached skill level 3 in Throwing
  2880 | D:4      | Reached XP level 7. HP: 57/68 MP: 9/9
  2959 | D:4      | Reached * piety under Trog
  3240 | D:4      | Identified the +5 flail of Kipiul {pain, rF- Str+6 Int+2}
  3328 | D:4      | Found a shimmering altar of Xom.
  3512 | D:4      | Noticed Duvessa
  3512 | D:4      | Noticed Dowan
  3521 | D:4      | Killed Duvessa
  3522 | D:4      | Reached skill level 4 in Throwing
  3536 | D:4      | Killed Dowan
  3684 | D:5      | Entered Level 5 of the Dungeon
  3713 | D:5      | Noticed Menkaure
  3720 | D:5      | Killed Menkaure
  3721 | D:5      | Reached XP level 8. HP: 60/79 MP: 10/10
  3910 | D:5      | Found an ancient bone altar of Kikubaaqudgha.
  4033 | D:5      | Noticed Blork the orc
  4041 | D:5      | Killed Blork the orc
  4059 | D:5      | Reached ** piety under Trog
  4130 | D:5      | Reached skill level 5 in Throwing
  4132 | D:5      | Reached skill level 5 in Fighting
  4325 | D:5      | Reached skill level 5 in Maces & Flails
  4564 | D:6      | Reached skill level 6 in Throwing
  4564 | D:6      | Reached XP level 9. HP: 59/89 MP: 11/11
  4922 | D:6      | Found a blossoming altar of Fedhas.
  4992 | D:7      | Found a staircase to the Ecumenical Temple.
  5003 | D:7      | Noticed Pikel
  5016 | D:7      | Killed Pikel
  5017 | D:7      | Reached skill level 7 in Throwing
  5017 | D:7      | Reached skill level 5 in Dodging
  5149 | D:7      | Found a shadowy altar of Dithmenos.
  6102 | D:8      | Noticed a two-headed ogre
  6108 | D:8      | Killed a two-headed ogre
  6109 | D:8      | Reached skill level 8 in Throwing
  6109 | D:8      | Reached XP level 10. HP: 73/102 MP: 12/12
  6305 | D:8      | Reached *** piety under Trog
  6326 | D:8      | Noticed a two-headed ogre
  6337 | D:8      | Killed a two-headed ogre
  6525 | D:8      | Identified the +1 helmet of the Bouncing Youths {SInv}
  6552 | D:8      | Identified the +6 scale mail "Yryolid" {rF+}
  7096 | D:9      | Reached skill level 9 in Throwing
  7421 | D:9      | Reached skill level 1 in Armour
  7427 | D:9      | Reached XP level 11. HP: 92/113 MP: 13/13
  7715 | D:9      | Found a burning altar of Makhleb.
  7970 | D:10     | Entered Level 10 of the Dungeon
  8031 | D:10     | HP: 5/113 [something (3)]
  8032 | D:10     | HP: 1/169 [something (5)]
  8034 | D:10     | Slain by a vampire

Illustrated notes

Levels and vault maps discovered:
D:1:      wander_arrival_estate, layout_loops_ring,
          chequers_serial_rivers_large_a
D:2:      minmay_recursive_quarters, layout_loops_ring, basic_altar,
          uniq_crazy_yiuf_cottage
D:3:      layout_loops_ring, basic_ecumenical_altar, kennysheep_donut,
          chequers_serial_rivers_micro_a, uniq_jessica, uniq_sigmund
D:4:      dreamdust_elfheim, layout_gridville, mainiacjoe_overflow_24_doors,
          minmay_rat_hole
D:5:      layout_basic, kennysheep_vampire_church, tso_oasis_becter,
          minmay_manual_mares, uniq_blork_the_orc, uniq_menkaure
D:6:      layout_cave_pools, fedhas_altar_fruit_tree
D:7:      layout_basic, grunt_dithmenos_smoke_and_mirrors,
          minmay_temple_entry_glass, uniq_duvessa, uniq_pikel
D:8:      layout_cave_pools
D:9:      lemuel_troll_bridge, layout_loops_cross,
          mainiacjoe_overflow_six_doors_small
D:10:     layout_rooms, grunt_temple_overflow_bloody_war,
          mainiacjoe_overflow_concentric_impassable, kennysheep_mini_moat

Skill      XL: |  1  2  3  4  5  6  7  8  9 10 |
---------------+-------------------------------+-----
Staves         | 1 |  1.9
Fighting       | 2 3 4 5 7 8 |  8.9
Spellcasting   | 1 |  1.6
Throwing       | 1 2 3 4 6 8 9 |  9.3
Maces & Flails | 2 3 5 7 8 |  8.6
Dodging        | 3 4 5 6 |  6.4
Armour         | 1 |  1.7
Stealth        | |  0.6
Ice Magic      | |  0.4
Evocations     | |  2.6

Action                     |  1- 3 |  4- 6 |  7- 9 | 10-12 || total
---------------------------+-------+-------+-------+-------++-------
  Melee: Club              |    17 |       |       |       ||    17
         Flail             |    79 |    16 |       |       ||    95
         Punch             |     2 |     1 |     1 |     2 ||     6
         Mace              |       |    59 |   236 |   116 ||   411
         Unarmed           |       |     5 |       |       ||     5
         Giant club        |       |       |       |    45 ||    45
   Fire: Arbalest          |       |       |     4 |       ||     4
  Throw: Stone             |     7 |       |     8 |    13 ||    28
         Dart              |       |       |     2 |     2 ||     4
         Javelin           |       |       |     2 |       ||     2
         Boomerang         |       |       |     1 |       ||     1
 Invoke: Berserk           |       |       |     5 |     2 ||     7
         Trog's Hand       |       |       |     1 |     2 ||     3
  Evoke: Wand              |     4 |     4 |     4 |     6 ||    18
    Use: Scroll            |     1 |     4 |     4 |     5 ||    14
         Potion            |       |     3 |       |     1 ||     4
   Stab: Sleeping          |     2 |       |       |       ||     2
 Armour: Robe              |    55 |    39 |   102 |    40 ||   236
         Acid dragon scale |       |       |       |    40 ||    40
         Troll leather arm |       |       |       |     9 ||     9
  Dodge: Dodged            |    66 |    42 |   130 |   124 ||   362
